| TOP OF THE 1ST |
|
University of Oklahoma Sooners batting - Pitching for Louisiana State University Tigers : RHP Sal Ganzalez
|
|
Pitching: RHP Sal Ganzalez
|
|
|
Batting: RHB Jesus Montoya
|
0-0: Called Strike 0-1: Foul Ball, location: 2F 0-2: Foul Ball, location: 2F 0-2: Ball 1-2: Strikes out swinging
|
|
Batting: LHB Alex Benabides
|
0-0: Ball 1-0: Called Strike 1-1: Ground out 4-3 (Groundball, 4, EV 83.8 MPH)
|
|
Batting: LHB Alex Gutierrez
|
0-0: Ground out 4-3 (Groundball, 4, EV 88.1 MPH)
|
| Top of the 1st over - 0 runs, 0 hits, 0 errors, 0 left on base; University of Oklahoma 0 - Louisiana State University 0 |
| BOTTOM OF THE 1ST |
|
Louisiana State University Tigers batting - Pitching for University of Oklahoma Sooners : RHP Frank Diego
|
|
Pitching: RHP Frank Diego
|
|
|
Batting: LHB Alex Morales
|
0-0: Ball 1-0: Called Strike 1-1: Ball 2-1: Fly out, F7 (Flyball, 7D, EV 102.5 MPH)
|
|
Batting: RHB Alfredo Padilla
|
0-0: Ball 1-0: Foul Ball, location: 2F 1-1: Foul Ball, location: 2F 1-2: Ball 2-2: SINGLE (Groundball, 4MD, EV 94.4 MPH)
|
|
Batting: RHB Pete Roberts
|
0-0: Called Strike 0-1: Foul Ball, location: 2F 0-2: Ball 1-2: Foul Ball, location: 2F 1-2: Fielders Choice at 2nd, 4-6 (Groundball, 4M, EV 103.8 MPH)
|
|
Batting: RHB Steve McCoig
|
0-0: Called Strike 0-1: Ball 1-1: Ball 2-1: SINGLE (Groundball, 6, EV 105.0 MPH) Pete Roberts to second
|
|
Batting: RHB Isaiah Heath
|
0-0: Ball 1-0: Called Strike 1-1: Foul Ball, location: 2F 1-2: Ball 2-2: Ball 3-2: Foul Ball, location: 2F 3-2: Ground out 6-3 (Groundball, 6, EV 102.5 MPH)
|
| Bottom of the 1st over - 0 runs, 2 hits, 0 errors, 2 left on base; University of Oklahoma 0 - Louisiana State University 0 |
| TOP OF THE 2ND |
|
University of Oklahoma Sooners batting - Pitching for Louisiana State University Tigers : RHP Sal Ganzalez
|
|
Batting: RHB Sam Mason
|
0-0: Foul Ball, location: 2F 0-1: Ball 1-1: Called Strike 1-2: Strikes out swinging
|
|
Batting: RHB Victor Borras
|
0-0: Ball 1-0: Ground out 5-3 (Groundball, 56, EV 100.6 MPH)
|
|
Batting: RHB Eric Kent
|
0-0: Ball 1-0: Ground out 5-3 (Groundball, 56S, EV 83.1 MPH)
|
| Top of the 2nd over - 0 runs, 0 hits, 0 errors, 0 left on base; University of Oklahoma 0 - Louisiana State University 0 |
| BOTTOM OF THE 2ND |
|
Louisiana State University Tigers batting - Pitching for University of Oklahoma Sooners : RHP Frank Diego
|
|
Batting: RHB Winston Vasquez
|
0-0: Swinging Strike 0-1: Foul Ball, location: 2F 0-2: Ball 1-2: Strikes out looking
|
|
Batting: RHB Leo Roldan
|
0-0: Called Strike 0-1: Foul Ball, location: 2F 0-2: Foul Ball, location: 2F 0-2: Foul Ball, location: 2F 0-2: Strikes out swinging, 2-3 out at first.
|
|
Batting: LHB Oscar Rivera
|
0-0: Called Strike 0-1: Ground out 6-3 (Groundball, 6, EV 86.9 MPH)
|
| Bottom of the 2nd over - 0 runs, 0 hits, 0 errors, 0 left on base; University of Oklahoma 0 - Louisiana State University 0 |
| TOP OF THE 3RD |
|
University of Oklahoma Sooners batting - Pitching for Louisiana State University Tigers : RHP Sal Ganzalez
|
|
Batting: LHB Toby Clark
|
0-0: Ball 1-0: Called Strike 1-1: Foul Ball, location: 2F 1-2: Ball 2-2: Foul Ball, location: 2F 2-2: Ball 3-2: Strikes out swinging
|
|
Batting: RHB Dave Beerman
|
0-0: Fly out, F7 (Flyball, 7, EV 89.4 MPH)
|
|
Batting: RHB David Snyder
|
0-0: Foul Ball, location: 2F 0-1: Ball 1-1: Ball 2-1: Foul Ball, location: 2F 2-2: Foul Ball, location: 2F 2-2: Strikes out swinging
|
| Top of the 3rd over - 0 runs, 0 hits, 0 errors, 0 left on base; University of Oklahoma 0 - Louisiana State University 0 |
| BOTTOM OF THE 3RD |
|
Louisiana State University Tigers batting - Pitching for University of Oklahoma Sooners : RHP Frank Diego
|
|
Batting: RHB Keith Ashton
|
0-0: Ball 1-0: Ground out 4-3 (Groundball, 34, EV 85.0 MPH)
|
|
Batting: LHB Alex Morales
|
0-0: Called Strike 0-1: Called Strike 0-2: Strikes out swinging
|
|
Batting: RHB Alfredo Padilla
|
0-0: Ball 1-0: Ball 2-0: Foul Ball, location: 2F 2-1: Ball 3-1: Called Strike 3-2: Fly out, F6 (Line Drive, 4MD, EV 71.2 MPH)
|
| Bottom of the 3rd over - 0 runs, 0 hits, 0 errors, 0 left on base; University of Oklahoma 0 - Louisiana State University 0 |
| TOP OF THE 4TH |
|
University of Oklahoma Sooners batting - Pitching for Louisiana State University Tigers : RHP Sal Ganzalez
|
|
Batting: RHB Jesus Montoya
|
0-0: Ball 1-0: Ball 2-0: Ball 3-0: Foul Ball, location: 2F 3-1: Foul Ball, location: 2F 3-2: Foul Ball, location: 2F 3-2: Strikes out swinging
|
|
Batting: LHB Alex Benabides
|
0-0: Ball 1-0: Bunt missed! 1-1: SINGLE (Line Drive, 4MD, EV 95.0 MPH)
|
|
Batting: LHB Alex Gutierrez
|
0-0: Ball 1-0: Ball 2-0: Foul Ball, location: 2F 2-1: Ball 3-1: Fly out, F7 (Flyball, 7, EV 95.6 MPH)
|
|
Batting: RHB Sam Mason
|
0-0: Ball 1-0: Foul Ball, location: 2F 1-1: Foul Ball, location: 2F 1-2: Foul Ball, location: 2F 1-2: Foul Ball, location: 2F 1-2: 2-RUN HOME RUN (Flyball, 7D, EV 107.5 MPH), Distance : 389 ft
|
|
Batting: RHB Victor Borras
|
0-0: Called Strike 0-1: Called Strike 0-2: Ball 1-2: Fly out, F1 (Line Drive, P, EV 57.5 MPH)
|
| Top of the 4th over - 2 runs, 2 hits, 0 errors, 0 left on base; University of Oklahoma 2 - Louisiana State University 0 |
| BOTTOM OF THE 4TH |
|
Louisiana State University Tigers batting - Pitching for University of Oklahoma Sooners : RHP Frank Diego
|
|
Batting: RHB Pete Roberts
|
0-0: Ground out U3 (Groundball, 3, EV 82.5 MPH)
|
|
Batting: RHB Steve McCoig
|
0-0: Fly out, F7 (Flyball, 78M, EV 88.8 MPH)
|
|
Batting: RHB Isaiah Heath
|
0-0: Ball 1-0: SINGLE (Groundball, 6M, EV 83.8 MPH) (infield hit)
|
|
Batting: RHB Winston Vasquez
|
0-0: Called Strike 0-1: Fly out, F8 (Flyball, 8LD, EV 105.6 MPH)
|
| Bottom of the 4th over - 0 runs, 1 hit, 0 errors, 1 left on base; University of Oklahoma 2 - Louisiana State University 0 |
| TOP OF THE 5TH |
|
University of Oklahoma Sooners batting - Pitching for Louisiana State University Tigers : RHP Sal Ganzalez
|
|
Batting: RHB Eric Kent
|
0-0: Fly out, F9 (Flyball, 89S, EV 81.9 MPH)
|
|
Batting: LHB Toby Clark
|
0-0: Ball 1-0: Called Strike 1-1: Foul Ball, location: 2F 1-2: Foul Ball, location: 2F 1-2: Foul Ball, location: 2F 1-2: Ground out U3 (Groundball, 3, EV 105.0 MPH)
|
|
Batting: RHB Dave Beerman
|
0-0: Called Strike 0-1: Ball 1-1: Ground out 6-3 (Groundball, 6, EV 96.9 MPH)
|
| Top of the 5th over - 0 runs, 0 hits, 0 errors, 0 left on base; University of Oklahoma 2 - Louisiana State University 0 |
| BOTTOM OF THE 5TH |
|
Louisiana State University Tigers batting - Pitching for University of Oklahoma Sooners : RHP Frank Diego
|
|
Batting: RHB Leo Roldan
|
0-0: Ball 1-0: DOUBLE (Line Drive, 9LM, EV 109.4 MPH)
|
|
Batting: LHB Oscar Rivera
|
0-0: Swinging Strike 0-1: Ball 1-1: Ball 2-1: Foul Ball, location: 2F 2-2: Ground out 1-3 (Groundball, 15S, EV 66.2 MPH)
|
|
Batting: RHB Keith Ashton
|
0-0: Ball 1-0: Swinging Strike 1-1: Swinging Strike 1-2: Ball 2-2: Ball 3-2: Foul Ball, location: 2F 3-2: Strikes out swinging
|
|
Batting: LHB Alex Morales
|
0-0: Fly out, F7 (Flyball, 7S, EV 84.4 MPH)
|
| Bottom of the 5th over - 0 runs, 1 hit, 0 errors, 1 left on base; University of Oklahoma 2 - Louisiana State University 0 |
| TOP OF THE 6TH |
|
University of Oklahoma Sooners batting - Pitching for Louisiana State University Tigers : RHP Sal Ganzalez
|
|
Batting: RHB David Snyder
|
0-0: Ground out 5-3 (Groundball, 56, EV 82.5 MPH)
|
|
Batting: RHB Jesus Montoya
|
0-0: Foul Ball, location: 2F 0-1: Reached on error, E6 (Groundball, 6, EV 101.9 MPH)
|
|
Pitching: RHP Brett Carothers
|
|
|
Batting: LHB Alex Benabides
|
0-0: Called Strike 0-1: Foul Ball, location: 2F 0-2: Foul Ball, location: 2F 0-2: Ball 1-2: Ball 2-2: Foul Ball, location: 2F 2-2: Strikes out swinging
|
|
Batting: LHB Alex Gutierrez
|
0-0: Ball 1-0: Foul Ball, location: 2F 1-1: Ball 2-1: Foul Ball, location: 2F 2-2: Foul Ball, location: 2F 2-2: Foul Ball, location: 2F 2-2: Foul Ball, location: 2F 2-2: Strikes out swinging
|
| Top of the 6th over - 0 runs, 0 hits, 1 error, 1 left on base; University of Oklahoma 2 - Louisiana State University 0 |
| BOTTOM OF THE 6TH |
|
Louisiana State University Tigers batting - Pitching for University of Oklahoma Sooners : RHP Frank Diego
|
|
Batting: RHB Alfredo Padilla
|
0-0: Ball 1-0: Called Strike 1-1: Ball 2-1: Ball 3-1: Foul Ball, location: 2F 3-2: Foul Ball, location: 2F 3-2: Foul Ball, location: 2F 3-2: Ground out 5-3 (Groundball, 56S, EV 92.5 MPH)
|
|
Pitching: LHP Bobby Cimilluca
|
|
|
Batting: RHB Pete Roberts
|
0-0: Ball 1-0: Foul Ball, location: 2F 1-1: Ball 2-1: Fly out, F7 (Flyball, 7S, EV 90.6 MPH)
|
|
Batting: RHB Steve McCoig
|
0-0: Ball 1-0: SINGLE (Groundball, 56S, EV 64.4 MPH) (infield hit)
|
|
Batting: RHB Isaiah Heath
|
0-0: Called Strike 0-1: Ball 1-1: Foul Ball, location: 2F 1-2: Ball 2-2: Strikes out swinging
|
| Bottom of the 6th over - 0 runs, 1 hit, 0 errors, 1 left on base; University of Oklahoma 2 - Louisiana State University 0 |
| TOP OF THE 7TH |
|
University of Oklahoma Sooners batting - Pitching for Louisiana State University Tigers : RHP Brett Carothers
|
|
Batting: RHB Sam Mason
|
0-0: Fly out, F9 (Flyball, 9LM, EV 86.9 MPH)
|
|
Batting: RHB Victor Borras
|
0-0: Foul Ball, location: 2F 0-1: Swinging Strike 0-2: Strikes out swinging
|
|
Pinch Hitting: LHB Pedro Marrero
|
0-0: Called Strike 0-1: Ball 1-1: Ball 2-1: SINGLE (Groundball, 3D, EV 97.5 MPH)
|
|
Batting: LHB Toby Clark
|
0-0: Called Strike 0-1: Fielders Choice at 2nd, 5-4 (Groundball, 56, EV 88.1 MPH)
|
| Top of the 7th over - 0 runs, 1 hit, 0 errors, 1 left on base; University of Oklahoma 2 - Louisiana State University 0 |
| BOTTOM OF THE 7TH |
|
Louisiana State University Tigers batting - Pitching for University of Oklahoma Sooners : LHP Bobby Cimilluca
|
|
Now at 3B: Jon Hubbard
|
|
|
Batting: RHB Winston Vasquez
|
0-0: Called Strike 0-1: Swinging Strike 0-2: Strikes out swinging
|
|
Batting: RHB Leo Roldan
|
0-0: Ball 1-0: Ball 2-0: Swinging Strike 2-1: Called Strike 2-2: Ground out 4-3 (Groundball, 4, EV 98.1 MPH)
|
|
Pinch Hitting: RHB Stewart Walker
|
0-0: Ball 1-0: Swinging Strike 1-1: Ground out 5-3 (Groundball, 56S, EV 67.5 MPH)
|
| Bottom of the 7th over - 0 runs, 0 hits, 0 errors, 0 left on base; University of Oklahoma 2 - Louisiana State University 0 |
| TOP OF THE 8TH |
|
University of Oklahoma Sooners batting - Pitching for Louisiana State University Tigers : RHP Brett Carothers
|
|
Pitching: RHP Jeremy Kolb
|
|
|
Now in LF: Jake Garza
|
|
|
Batting: RHB Dave Beerman
|
0-0: Ball 1-0: Called Strike 1-1: Foul Ball, location: 2F 1-2: Foul Ball, location: 2F 1-2: Foul Ball, location: 2F 1-2: Ball 2-2: Strikes out swinging
|
|
Batting: RHB David Snyder
|
0-0: Foul Ball, location: 2F 0-1: Ball 1-1: Ball 2-1: Ball 3-1: Base on Balls
|
|
Pinch Hitting: LHB Jon Terrones
|
0-0: Called Strike 0-1: Ball 1-1: Foul Ball, location: 2F 1-2: Strikes out swinging
|
|
Batting: LHB Alex Benabides
|
0-0: Ball 1-0: Foul Ball, location: 2F 1-1: Fly out, F2 (Popup, 2RF, EV 82.5 MPH)
|
| Top of the 8th over - 0 runs, 0 hits, 0 errors, 1 left on base; University of Oklahoma 2 - Louisiana State University 0 |
| BOTTOM OF THE 8TH |
|
Louisiana State University Tigers batting - Pitching for University of Oklahoma Sooners : LHP Bobby Cimilluca
|
|
Pitching: RHP Alberto Zumaya
|
|
|
Now at 1B: Victor Borras
|
|
|
Now at 2B: Myles Sabine
|
|
|
Now in CF: Virgil Wenz
|
|
|
Pinch Hitting: LHB Manny Grado
|
0-0: Swinging Strike 0-1: Swinging Strike 0-2: Strikes out swinging
|
|
Batting: LHB Alex Morales
|
0-0: Foul Ball, location: 2F 0-1: Ball 1-1: Ball 2-1: Ball 3-1: Called Strike 3-2: Strikes out swinging
|
|
Batting: RHB Alfredo Padilla
|
0-0: Foul Ball, location: 2F 0-1: Ball 1-1: Fly out, F7 (Flyball, 78D, EV 108.8 MPH)
|
| Bottom of the 8th over - 0 runs, 0 hits, 0 errors, 0 left on base; University of Oklahoma 2 - Louisiana State University 0 |
| TOP OF THE 9TH |
|
University of Oklahoma Sooners batting - Pitching for Louisiana State University Tigers : RHP Jeremy Kolb
|
|
Pitching: RHP Jessie Amann
|
|
|
Now at SS: Leo Roldan
|
|
|
Now in RF: Manny Grado
|
|
|
Batting: SHB Orlando Uribe
|
0-0: Ball 1-0: Foul Ball, location: 2F 1-1: Fly out, F9 (Flyball, 9S, EV 72.5 MPH)
|
|
Batting: RHB Sam Mason
|
0-0: Ball 1-0: Swinging Strike 1-1: Swinging Strike 1-2: Ball 2-2: Strikes out swinging
|
|
Batting: RHB Victor Borras
|
0-0: Swinging Strike 0-1: Ball 1-1: Called Strike 1-2: SINGLE (Line Drive, 78M, EV 91.9 MPH)
|
|
Batting: RHB Jon Hubbard
|
0-0: Ball 1-0: Swinging Strike 1-1: Called Strike 1-2: Strikes out swinging
|
| Top of the 9th over - 0 runs, 1 hit, 0 errors, 1 left on base; University of Oklahoma 2 - Louisiana State University 0 |
| BOTTOM OF THE 9TH |
|
Louisiana State University Tigers batting - Pitching for University of Oklahoma Sooners : RHP Alberto Zumaya
|
|
Pitching: RHP Billy Russell
|
|
|
Pinch Hitting: SHB Brian Caruso
|
0-0: Ball 1-0: Ball 2-0: Foul Ball, location: 2F 2-1: Foul Ball, location: 2F 2-2: Ground out U3 (Groundball, 3L, EV 80.6 MPH)
|
|
Pinch Hitting: RHB Byung-hee Jee
|
0-0: Ball 1-0: Called Strike 1-1: Ball 2-1: Foul Ball, location: 2F 2-2: Foul Ball, location: 2F 2-2: Foul Ball, location: 2F 2-2: Ball 3-2: Fly out, F9 (Flyball, 89S, EV 85.0 MPH)
|
|
Batting: LHB Jon Valdez
|
0-0: Ball 1-0: Ground out 5-3 (Groundball, 56, EV 82.5 MPH)
|
| Bottom of the 9th over - 0 runs, 0 hits, 0 errors, 0 left on base; University of Oklahoma 2 - Louisiana State University 0 |
|